 Dungeon Crawl Stone Soup version 0.31-a0-1610-g9787180647 (webtiles) character file.

Game seed: 3184824630197420304

231 night the Caller (level 5, -2/38 HPs)
             Began as a Draconian Summoner on Jan 8, 2024.
             Slain by a gnoll
             ... wielding a +0 spear
              (6 damage)
             ... on level 3 of the Dungeon.
             The game lasted 00:05:37 (2079 turns).

night the Caller (Draconian Summoner)               Turns: 2079, Time: 00:05:38

Health: -2/38      AC:  5    Str: 10    XL:     5   Next: 72%
Magic:  10/11      EV: 12    Int: 17    God:
Gold:   99         SH:  0    Dex: 12    Spells: 2/12 levels left

rFire   . . .        i - +2 dagger (freeze)
rCold   . . .        (no shield)
rNeg    . . .        (body armour unavailable)
rPois   .            (helmet restricted)
rElec   .            (no cloak)
rCorr   .            (no gloves)
SInv    .            (no boots)
Will    .....        h - amulet of the acrobat
Stlth   ++           (no ring)
HPRegen 0.26/turn    (no ring)
MPRegen 0.12/turn

%: acrobat
@: brilliant, lethally poisoned (-2 -> -4)
A: AC +5, unfitting armour, cold-blooded
a: no special abilities


You were on level 3 of the Dungeon.
You visited 1 branch of the dungeon, and saw 3 of its levels.

You collected 99 gold pieces.

Inventory:

Hand Weapons
 i - a +2 dagger of freezing (weapon)
Missiles
 c - 18 stones
Jewellery
 h - an amulet of the acrobat (around neck)
Scrolls
 b - a scroll of vulnerability {unknown}
 d - a scroll of amnesia {unknown}
 g - 2 scrolls of teleportation {unknown}
 k - a scroll of silence {unknown}
 l - a scroll of enchant weapon {unknown}
 m - a scroll of identify {unknown}
 n - a scroll of immolation {unknown}
Potions
 a - 2 potions of magic
 e - a potion of heal wounds


   Skills:
 - Level 1.7 Dodging
 - Level 1.7 Stealth
 + Level 4.1 Spellcasting
 + Level 5.6 Summonings
 + Level 0.9 Fire Magic


You had 2 spell levels left.
You knew the following spells:

 Your Spells              Type           Power      Damage    Failure   Level
a - Summon Small Mammal   Summ           100%       N/A       1%          1
b - Call Imp              Summ           68%        N/A       2%          2
c - Call Canine Familiar  Summ           34%        N/A       4%          3
d - Summon Blazeheart Go  Fire/Summ      22%        N/A       38%         4

Your spell library contained the following spells:

 Spells                   Type           Power      Damage    Failure   Level
 Volatile Blastmotes      Fire/Tloc      14%        2d11      36%         3
 Gell's Gravitas          Tloc           5%         N/A       43%         3
 Teleport Other           Tloc           5%         N/A       43%         3
 Summon Lightning Spire   Summ/Air       19%        N/A       43%         4
 Fulminant Prism          Conj/Alch      2%         3d5       83%         4
 Iskenderun's Mystic Bla  Conj/Tloc      5%         2d3       83%         4
 Dispersal                Tloc           2%         N/A       100%        6


Dungeon Overview and Level Annotations

Branches:
Dungeon (3/15)

Altars:

Annotations:
D:3 1 transporter


Innate Abilities, Weirdness & Mutations

Your plain brown scales are hard. (AC +5)
You cannot fit into any form of body armour.
You are cold-blooded and may be slowed by cold attacks.


Message History

Your cerulean imp hits the gnoll with a -2 spear.
The gnoll zaps a wand.
Your will is overpowered!
You are confused.
The gnoll barely misses you.
You shred the net and break free!
You feel very sick.
Your cerulean imp hits the gnoll with a -2 spear.
The gnoll hits you with a +0 spear. The gnoll misses your cerulean imp.
Okay, then.
Unknown command.
Okay, then.
You barely miss the plant.
You feel sick.
Your cerulean imp hits the gnoll with a -2 spear.
The gnoll dies!
The gnoll misses you.
You bump into the granite statue.
You feel sick.
Your cerulean imp hits the plant but does no damage.
The gnoll hits you from afar with a +1 spear of electrocution!
The gnoll hits you with a +0 spear.
Okay, then.
You hit your cerulean imp. You freeze your cerulean imp.
Your cerulean imp is lightly wounded.
Your cerulean imp disappears in a puff of smoke!
You feel sick.
The gnoll hits you from afar with a +1 spear of electrocution.
The gnoll closely misses you.
You're too confused to move!
You feel sick. The gnoll closely misses you.
The gnoll zaps a wand.
You resist with some effort.
You're too confused to cast spells.
You bump into the granite statue.
You feel sick.
The gnoll hits you from afar with a +1 spear of electrocution.
* * * LOW HITPOINT WARNING * * *
The gnoll barely misses you.
You're too confused to move!
You feel less confused.
You feel sick.
The gnoll hits you from afar with a +1 spear of electrocution.
* * * LOW HITPOINT WARNING * * *
The gnoll hits you with a +0 spear.
You die...

..≈≈ #.###.##≈≈.... ##.≈≈#.
......g#≈≈.... #..≈≈###
##'##.###≈≈.... #..≈≈..
#P.P#.#..≈≈....
##+.≈≈.##.'...+.##.≈≈.... #
#...≈≈.#© P.P#..#.≈≈.... #.
##...≈≈.##.##)##.##.≈≈.#.#
#..#........#.#P.P#.#..≈≈.#.#
...........©#.+.@.g.#©.~~.#.#
.>..#.......#.#8g8#.#..≈≈.#.#
##.##...≈≈.##.#####.##.≈≈.#
#......≈≈.#..# #(.#.≈≈.#
#####+.≈≈.##.#. #.##.≈≈.#
#..≈≈..#.#.. #.#..≈≈.#.#
#..≈≈###.##'##.###≈≈.#.#
#..≈≈#..... ....#≈≈.#.#
##.≈≈##.###.###.##≈≈.#.#


You could see 2 gnolls.

Vanquished Creatures
  An adder (D:3)
  A ribbon worm (D:2)
  A dart slug (D:1)
  2 ball pythons (D:2)
  2 endoplasms (D:2)
  2 giant cockroaches
  4 hobgoblins
  3 quokkas
  A bat (D:1)
  3 frilled lizards
  2 kobolds (D:2)
  A rat (D:2)
23 creatures vanquished.

Vanquished Creatures (collateral kills)
  Sigmund (D:2)
  A gnoll (D:3)
  An adder (D:2)
  A ribbon worm (D:2)
  2 ball pythons
  4 bats
  An endoplasm (D:1)
  A giant cockroach (D:1)
  2 goblins (D:1)
  2 hobgoblins (D:1)
  A jackal (D:1)
  A quokka (D:1)
  A frilled lizard (D:1)
  4 kobolds (D:1)
23 creatures vanquished.

Grand Total: 46 creatures vanquished

Notes
Turn   | Place    | Note
-------+----------+-------------------------------------------
     0 | D:1      | night the Draconian Summoner began the quest for the Orb.
     0 | D:1      | Reached XP level 1. HP: 14/14 MP: 3/3
   269 | D:1      | Reached XP level 2. HP: 17/20 MP: 3/5
   461 | D:1      | Learned a level 2 spell: Call Imp
  1117 | D:2      | Reached XP level 3. HP: 26/26 MP: 7/7
  1149 | D:2      | Noticed Sigmund
  1176 | D:1      | Learned a level 3 spell: Call Canine Familiar
  1187 | D:2      | Killed Sigmund
  1188 | D:2      | Reached skill level 5 in Summonings
  1188 | D:2      | Reached XP level 4. HP: 33/33 MP: 0/9
  1188 | D:2      | Reached XP level 5. HP: 38/38 MP: 0/10
  1193 | D:2      | Learned a level 4 spell: Summon Blazeheart Golem
  2050 | D:3      | Found a transporter.
  2056 | D:3      | Found a transporter.
  2079 | D:3      | HP: 4/38 [gnoll/+1 spear of electrocution (5)]
  2079 | D:3      | Slain by a gnoll

Illustrated notes

Levels and vault maps discovered:
D:1:      dpeg_arrival_brainrot, layout_loops_ring, minmay_pentomino_v2
D:2:      layout_rooms, uniq_sigmund
D:3:      layout_basic, gammafunk_ghost_gnarly_gnolls, minmay_statues_item,
          kennysheep_orc_chapel

Skill      XL: |  1  2  3  4  5 |
---------------+----------------+-----
Spellcasting   | 3 4 |  4.1
Summonings     | 5 |  5.6
Dodging        | |  1.7
Stealth        | |  1.7
Fire Magic     | |  0.9

Action                     |  1- 3 |  4- 6 || total
---------------------------+-------+-------++-------
  Melee: Unarmed           |    26 |       ||    26
         Tailslap          |     8 |     3 ||    11
         Dagger            |    26 |    44 ||    70
   Cast: Summon Small Mamm |    27 |     5 ||    32
         Call Imp          |     7 |     7 ||    14
         Call Canine Famil |     1 |     6 ||     7
    Use: Potion            |       |     4 ||     4
   Stab: Sleeping          |     1 |       ||     1
 Armour: Skin              |    24 |    44 ||    68
  Dodge: Dodged            |    51 |    47 ||    98

Table legend: (Time is in decaauts)
 A = Elapsed time spent in this place.
 B = Non-inter-level travel time spent in this place.
 C = Inter-level travel time spent in this place.
 D = Time resting spent in this place.
 E = Time spent auto-exploring this place.
 F = Levels seen in this place.
 G = Mean time per level.
                   A        B        C        D        E       F      G
               +--------+--------+--------+--------+--------+-----+--------+
         Total |   2080 |   2030 |     50 |     29 |   1509 |   3 |  693.3 |
       Dungeon |   2080 |   2030 |     50 |     29 |   1509 |   3 |  693.3 |
               +--------+--------+--------+--------+--------+-----+--------+

Top non-repeatable levels by time:
     D:1: 1086 daAuts
     D:2: 813 daAuts
     D:3: 181 daAuts
